 Dungeon Crawl Stone Soup version 0.29-a0-1027-gcd8c55af63 (webtiles) character file.

Game seed: 7125938037573039105

494 xian the Chopper (level 7, 0/60 HPs)
             Began as a Hill Orc Fighter on Aug 13, 2022.
             Was an Initiate of Jiyva.
             Killed from afar by Blork the orc (6 damage)
             ... with a puff of frost
             ... on level 4 of the Dungeon.
             The game lasted 00:12:07 (3804 turns).

xian the Chopper (Hill Orc Fighter)                 Turns: 3804, Time: 00:12:08

Health: 0/60       AC: 12    Str: 21    XL:     7   Next: 15%
Magic:  7/7        EV:  7    Int:  8    God:    Jiyva [......]
Gold:   986        SH:  4    Dex: 10    Spells: 6/6 levels left

rFire   . . .      SeeInvis .   a - +1 war axe
rCold   . . .      Faith    .   c - +0 buckler
rNeg    . . .      Spirit   .   r - +0 chain mail
rPois   .          Reflect  .   (no helmet)
rElec   .          Harm     .   (no cloak)
rCorr   .          Rampage  .   t - +0 pair of gloves
Will    .....                   s - +0 pair of boots
Stlth   ..........              (no amulet)
HPRegen 0.20/turn               (no ring)
MPRegen 0.10/turn               (no ring)

@: lethally poisoned (0 -> -22)
A: no striking features
a: Renounce Religion


You were on level 4 of the Dungeon.
You worshipped Jiyva.
Jiyva was noncommittal.
You visited 1 branch of the dungeon, and saw 4 of its levels.
You also visited: Sewer.

You collected 986 gold pieces.

Inventory:

Hand Weapons
 a - a +1 war axe (weapon)
Missiles
 h - 5 boomerangs
 u - a curare-tipped dart (quivered)
Armour
 c - a +0 buckler (worn)
 r - a +0 chain mail (worn)
 s - a +0 pair of boots (worn)
 t - a +0 pair of gloves (worn)
Scrolls
 b - a scroll of poison
 j - a scroll of teleportation
Potions
 d - a potion of might
 e - 2 potions of flight
 f - 2 potions of heal wounds {unknown}
 g - a potion of mutation
 l - 2 potions of cancellation
 m - a potion of attraction {unknown}
 n - a potion of curing {unknown}
 p - a potion of invisibility {unknown}
 q - a potion of degeneration {unknown}
 v - a potion of resistance {unknown}


   Skills:
 + Level 4.9 Fighting
 + Level 7.0 Axes
 + Level 0.2 Throwing
 + Level 4.9 Armour
 + Level 0.8 Dodging
 + Level 0.3 Stealth
 + Level 4.1 Shields


You had 6 spell levels left.
You didn't know any spells.
Your spell library contained the following spells:

 Spells                   Type           Power      Damage    Failure   Level
 Beastly Appendage        Tmut           0%         N/A       99%         1
 Necrotise                Necr           0%         1d4       99%         1
 Wereblood                Tmut           0%         N/A       100%        2
 Spider Form              Tmut/Pois      0%         N/A       100%        3
 Vampiric Draining        Necr           0%         2d6       100%        3
 Agony                    Necr           0%         N/A       100%        5


Dungeon Overview and Level Annotations

Branches:
Dungeon (4/15)              Sewer (visited)
 Temple: D:4-7

Altars:

Annotations:
D:4 Blork the orc


Message History

Blork the orc hits himself with a +1 battleaxe of venom!
Blork the orc is poisoned.
You throw a boomerang.
The boomerang hits Blork the orc but does no damage.
Blork the orc is heavily wounded.
Blork the orc seems less confused.
Blork the orc hits you with a +1 battleaxe of venom!
You are poisoned.
Unknown command.
You throw a curare-tipped dart.
The curare-tipped dart closely misses Blork the orc.
You feel very sick. Blork the orc closely misses you.
Unknown command.
You throw a curare-tipped dart.
The curare-tipped dart hits Blork the orc.
Blork the orc looks as sick as possible!
Blork the orc convulses.
Blork the orc seems to slow down.
Blork the orc is severely wounded.
You feel very sick. Blork the orc closely misses you.
You closely miss Blork the orc.
Blork the orc is almost dead.
You feel very sick.
Blork the orc is no longer blind.
Blork the orc barely misses you.
You barely miss Blork the orc.
Blork the orc is almost dead.
You feel very sick.
Blork the orc screams, "I'll break your legs!"
Blork the orc barely misses you.
Blork the orc hits you with a +1 battleaxe of venom!
* * * LOW HITPOINT WARNING * * *
You are lethally poisoned!
You closely miss Blork the orc.
Blork the orc is almost dead.
* * * LOW HITPOINT WARNING * * *
You feel extremely sick.
Blork the orc points at you and mumbles some strange words.
The puff of frost hits you.
You die...

# .#
###.#
##[..#
#####.?.#
#.@o)).(#
#<###.[.#
#.# #####
.$$ .....
#......
#..$...#
#.!..#.#
.......#


You could see Blork the orc (fast, very poisoned, slow).

Vanquished Creatures
  Grinder (D:3)
  A hound (D:2)
  2 jellies (Sewer)
  A gnoll (D:2)
  11 adders
  3 river rats (D:3)
  An ufetubus (D:4)
  4 worms
  3 dart slugs
  An orc (D:4)
  8 ball pythons
  11 bats
  10 endoplasms
  8 giant cockroaches
  9 goblins
  9 hobgoblins
  5 jackals (D:2)
  4 quokkas
  5 frilled lizards
  6 kobolds
  12 rats
115 creatures vanquished.

Vanquished Creatures (others)
  A jelly (D:3)
  An orc (D:3)
  A hobgoblin (D:3)
  A ball python (D:3)
  A frilled lizard (D:3)
  A kobold (D:3)
6 creatures vanquished.

Grand Total: 121 creatures vanquished

Notes
Turn   | Place    | Note
-------+----------+-------------------------------------------
     0 | D:1      | xian the Hill Orc Fighter began the quest for the Orb.
     0 | D:1      | Reached XP level 1. HP: 19/19 MP: 1/1
   346 | D:1      | Reached XP level 2. HP: 27/27 MP: 2/2
   585 | D:1      | Reached skill level 3 in Axes
   679 | D:1      | Reached XP level 3. HP: 28/33 MP: 3/3
  1390 | D:2      | Reached skill level 4 in Axes
  1390 | D:2      | Reached XP level 4. HP: 24/40 MP: 4/4
  1968 | D:2      | Reached XP level 5. HP: 42/46 MP: 5/5
  2227 | D:3      | Reached skill level 5 in Axes
  2270 | D:3      | Found a glowing drain.
  2328 | Sewer    | Entered a sewer
  2620 | Sewer    | Reached XP level 6. HP: 42/53 MP: 6/6
  2730 | Sewer    | Reached skill level 6 in Axes
  2829 | Sewer    | Found a viscous altar of Jiyva.
  2860 | Sewer    | Became a worshipper of Jiyva Judoz the Shapeless
  3249 | D:3      | Noticed Grinder
  3250 | D:3      | Paralysed by Grinder for 4 turns
  3262 | D:3      | Paralysed by Grinder for 3 turns
  3274 | D:3      | Killed Grinder
  3275 | D:3      | Reached skill level 7 in Axes
  3275 | D:3      | Reached XP level 7. HP: 58/60 MP: 7/7
  3322 | D:3      | Identified a scroll of acquirement
  3322 | D:3      | Acquired 832 gold pieces
  3790 | D:4      | Noticed Blork the orc
  3804 | D:4      | Killed from afar by Blork the orc

Illustrated notes

Levels and vault maps discovered:
D:1:      minmay_arrival_four_loops, layout_loops_cross,
          chequers_serial_rivers_micro_a, st_stairs_5
D:2:      layout_loops_ring, minmay_randomly_rotated_circles
D:3:      layout_loops_cross, lightli_sewer_entry_pipes, patterned_corridor,
          uniq_grinder
D:4:      layout_loops_ring, nicolae_dithmenos_the_darkroom, uniq_eustachio,
          uniq_sigmund, uniq_blork_the_orc

Skill      XL: |  1  2  3  4  5  6 |
---------------+-------------------+-----
Axes           | 3 4 5 7 |  7.0
Fighting       | 4 |  4.9
Armour         | 4 |  4.9
Shields        | 4 |  4.1
Throwing       | |  0.2
Dodging        | |  0.8
Stealth        | |  0.3

Action                   |  1- 3 |  4- 6 |  7- 9 || total
-------------------------+-------+-------+-------++-------
Melee: War axe           |   113 |   194 |    24 ||   331
Throw: Boomerang         |     1 |       |     3 ||     4
       Dart              |       |     4 |     3 ||     7
       Throwing net      |       |     2 |       ||     2
  Use: Scroll            |     3 |     8 |     1 ||    12
 Stab: Held in net/web   |       |     1 |       ||     1
Armor: Scale mail        |   121 |    33 |       ||   154
       Chain mail        |       |    81 |    14 ||    95
Dodge: Dodged            |    90 |    81 |    10 ||   181
Block: Buckler           |    38 |    37 |     7 ||    82

Table legend: (Time is in decaauts)
 A = Elapsed time spent in this place.
 B = Non-inter-level travel time spent in this place.
 C = Inter-level travel time spent in this place.
 D = Time resting spent in this place.
 E = Time spent auto-exploring this place.
 F = Levels seen in this place.
 G = Mean time per level.
                   A        B        C        D        E       F      G
               +--------+--------+--------+--------+--------+-----+--------+
         Total |   3998 |   3909 |     89 |    154 |   2407 |   5 |  799.6 |
       Dungeon |   3330 |   3241 |     89 |     48 |   2083 |   4 |  832.5 |
         Sewer |    667 |    667 |      0 |    106 |    324 |   1 |  667.0 |
               +--------+--------+--------+--------+--------+-----+--------+

Top non-repeatable levels by time:
     D:1: 1145 daAuts
     D:3: 1136 daAuts
     D:2: 1026 daAuts
   Sewer: 667 daAuts
     D:4: 22 daAuts
